[Event "TOP 12F 2021"]
[Site "RENNES, France"]
[Date "2021.08.27"]
[Round "3.2"]
[White "Benmesbah, Natacha"]
[Black "Guichard, Pauline"]
[Result "1/2-1/2"]
[TimeControl "1H30 + 30 sec/coup"]
[WhiteElo "2239"]
[BlackElo "2414"]

1. e4 e5 2. Nf3 Nc6 3. Bc4 Nf6 4. d3 Bc5 5. c3 a6 6. a4 Ba7 7. O-O d6 8. Nbd2 O-O 9. h3 h6 10.
Re1 Re8 11. b4 Be6 12. Bxe6 Rxe6 13. Qc2 Ne7 14. Nf1 Ng6 15. Be3 Bxe3 16. Nxe3 c6 17. g3 d5 18. c4 a5 19. b5 d4 20.
Nf1 c5 21. Kg2 Ne8 22. h4 Nd6 23. h5 Nf8 24. N1h2 Nh7 25. Qd2 Qe7 26. Ng4 b6 27. Nh4 Qd7 28. f3 Nf6 29. Rh1 Rae8 30.
Rae1 Kh7 31. Nf5 Ng8 32. Nf2 Qd8 33. Kf1 Qg5 34. Qxg5 hxg5 35. Nh3 f6 36. g4 1/2-1/2

[Event "TOP 12F 2021"]
[Site "RENNES, France"]
[Date "2021.08.27"]
[Round "3.3"]
[White "Afraoui, Anaelle"]
[Black "Broly, Mathilde"]
[Result "1/2-1/2"]
[TimeControl "1H30 + 30 sec/coup"]
[WhiteElo "2118"]
[BlackElo "2154"]

1. e4 e5 2. Nf3 Nc6 3. Bb5 a6 4. Ba4 Nf6 5. O-O b5 6. Bb3 Bc5 7. c3 d6 8. d4 Bb6 9. a4 Rb8 10.
axb5 axb5 11. Na3 O-O 12. Nxb5 Bg4 13. Bc2 exd4 14. cxd4 Re8 15. Re1 Ra8 16. Rxa8 Qxa8 17. h3 Bxf3 18.
Qxf3 Qa5 19. Qe2 Nxd4 20. Nxd4 Bxd4 21. Bd3 d5 22. Bd2 Qb6 23. Qf3 dxe4 24. Bxe4 Bxf2+ 25. Qxf2 Qxf2+ 26. Kxf2 Rxe4 27.
Rc1 Re7 28. Bb4 Rd7 29. Rc2 h6 30. Ba5 Nd5 31. Kf3 f5 32. Bd2 Kf7 33. g4 fxg4+ 34. hxg4 Ke6 35. Be1 Rf7+ 36. Kg3 Kd6 37.
Bf2 Nf6 38. Rd2+ Kc6 39. Rc2+ Kd5 40. Rd2+ Kc4 41. Re2 Kd3 42. Re3+ Kd2 43. Re5 Kd3 44. Re3+ Kc2 45. Re2+ Kd1 46.
Re1+ Kd2 47. Re5 Rd7 48. Bc5 g5 49. Be3+ Kc2 50. b4 Rd3 51. Rc5+ Kb3 52. Kf3 Nxg4 53. Kxg4 Rxe3 54. Rxc7 Kxb4 55.
Rc6 Re4 56. Kg3 h5 57. Rc8 Re5 58. Rh8 h4+ 59. Kg4 Kc4 60. Rc8+ Kd3 61. Rd8+ Ke2 62. Rf8 Re3 63. Kxg5 h3 64.
Kg4 Rc3 65. Rf7 Rb3 66. Rf8 1/2-1/2

[Event "TOP 12F 2021"]
[Site "RENNES, France"]
[Date "2021.08.27"]
[Round "3.4"]
[White "Nicoara, Malina"]
[Black "Bonvalot, Isabelle"]
[Result "1-0"]
[TimeControl "1H30 + 30 sec/coup"]
[WhiteElo "2066"]
[BlackElo "1831"]

1. d4 f5 2. g3 g6 3. Bg2 Bg7 4. Nf3 Nf6 5. O-O d6 6. b3 O-O 7. Bb2 Na6 8. Nbd2 c5 9. e3 Rb8 10.
c4 b6 11. a3 Nc7 12. Qc2 Bb7 13. d5 b5 14. Bc3 Qd7 15. Rad1 Ba6 16. Rfe1 Rbd8 17. e4 fxe4 18. Nxe4 bxc4 19.
bxc4 Nxe4 20. Bxg7 Kxg7 21. Rxe4 Rde8 22. Qc3+ Kg8 23. Rde1 Rf7 24. Ng5 Rf5 25. Bh3 h6 26. Bxf5 gxf5 27.
Rh4 e5 28. dxe6 Nxe6 29. Rxh6 Nxg5 30. Qh8+ 1-0

[Event "TOP 12F 2021"]
[Site "RENNES, France"]
[Date "2021.08.27"]
[Round "3.5"]
[White "Navrotescu, Andreea"]
[Black "Seite, Yamina"]
[Result "1-0"]
[TimeControl "1H30 + 30 sec/coup"]
[WhiteElo "2249"]
[BlackElo "1870"]

1. Nf3 d5 2. c4 e6 3. g3 Nf6 4. Bg2 Be7 5. O-O O-O 6. b3 c5 7. Bb2 Nc6 8. e3 b6 9. Nc3 Bb7 10.
cxd5 exd5 11. d4 Rc8 12. Rc1 Qd7 13. dxc5 bxc5 14. Na4 c4 15. Bxf6 Bxf6 16. Nc5 Qe7 17. Nxb7 Qxb7 18. Qxd5 Qb6 19.
Qxc4 g6 20. Qf4 Bg7 21. Ng5 Ne5 22. Rxc8 Rxc8 23. Bd5 Qf6 24. Qxf6 Bxf6 25. Nf3 Nxf3+ 26. Bxf3 Kf8 27. Rd1 Rc2 28.
a4 Rc3 29. Rd7 Be7 30. Bd5 Rd3 31. e4 f5 32. e5 Ke8 33. e6 Rd2 34. Bc6 Rxd7 35. Bxd7+ Kd8 36. f4 Kc7 37. Kg2 Kd6 38.
b4 Kd5 39. b5 Kc5 40. a5 Bd8 41. b6 Kd5 1-0

[Event "TOP 12F 2021"]
[Site "RENNES, France"]
[Date "2021.08.27"]
[Round "3.6"]
[White "Le Marec, Laura"]
[Black "Haussernot, Cecile"]
[Result "0-1"]
[TimeControl "1H30 + 30 sec/coup"]
[WhiteElo "2118"]
[BlackElo "2171"]

1. c4 c6 2. e4 e6 3. Nc3 d5 4. cxd5 exd5 5. exd5 cxd5 6. d4 Nc6 7. Nf3 Nf6 8. Bd3 Be6 9. O-O h6 10.
Bf4 Bd6 11. Bxd6 Qxd6 12. Rc1 O-O 13. Na4 Rac8 14. h3 Ne4 15. a3 Qf4 16. b4 Ng5 17. Nxg5 Qxg5 18. f4 Qf6 19. f5 Qxd4+ 20. Kh1 Bd7 21. f6 g6 22. Qd2 Qh4 23. Rf4 Qg5 24. Nc5 Ne5 25. Rcf1 Bc6 26. Be2 b6 27. Nb3 d4 28. Bd1 Nc4 29.
Qf2 Ne3 30. Rg1 Nxg2 31. Nxd4 Qxf4 32. Nxc6 Qxf2 33. Ne7+ Kh7 0-1

[Event "TOP 12F 2021"]
[Site "RENNES, France"]
[Date "2021.08.27"]
[Round "3.9"]
[White "Auvray, Juliette"]
[Black "Savina, Anastasia"]
[Result "0-1"]
[TimeControl "1H30 + 30 sec/coup"]
[WhiteElo "2004"]
[BlackElo "2336"]

1. e4 c5 2. Nf3 Nc6 3. d4 cxd4 4. Nxd4 Nf6 5. Nc3 e6 6. Nxc6 bxc6 7. e5 Nd5 8. Ne4 Qc7 9. f4 Qb6 10.
c4 Ne3 11. Qd3 Nf5 12. Bd2 c5 13. O-O-O Be7 14. Bc3 O-O 15. g4 Nd4 16. Qh3 d5 17. Ng3 dxc4 18. Nh5 Qa6 19. Kb1 Bb7 20.
Bg2 Rab8 21. f5 Bg5 22. Rhe1 Qa4 23. Bxd4 cxd4 24. Rxd4 Qb4 25. Re2 Rfd8 26. Rxd8+ Rxd8 27. a3 Qb3 28.
Re1 Rd3 29. Ng3 c3 0-1

[Event "TOP 12F 2021"]
[Site "RENNES, France"]
[Date "2021.08.27"]
[Round "3.11"]
[White "Steil-Antoni, Fiona"]
[Black "Coriat, Caroline"]
[Result "1-0"]
[TimeControl "1H30 + 30 sec/coup"]
[WhiteElo "2153"]
[BlackElo "1784"]

1. e4 e6 2. Nf3 d5 3. e5 c5 4. b4 a6 5. bxc5 Bxc5 6. d4 Bb6 7. Bd3 Nc6 8. c3 Bd7 9. h4 Na7 10.
a4 Ba5 11. Ng5 f5 12. g4 h6 13. Nxe6 Bxe6 14. gxf5 Qc7 15. Kf1 Bc8 16. Bb2 b5 17. Qh5+ Kd8 18. Rg1 bxa4 19. Rg6 Nb5 20.
Rxa4 Nxc3 21. Rxa5 Nxb1 22. Rxd5+ Bd7 23. Rgd6 Ne7 24. Rxd7+ Qxd7 25. Rxd7+ Kxd7 26. e6+ 1-0

[Event "TOP 12F 2021"]
[Site "RENNES, France"]
[Date "2021.08.27"]
[Round "3.12"]
[White "Parot de Sousa, Sophie"]
[Black "Thomas, Anysia"]
[Result "0-1"]
[TimeControl "1H30 + 30 sec/coup"]
[WhiteElo "1447"]
[BlackElo "2170"]

1. c4 g6 2. Nc3 c5 3. g3 Bg7 4. Bg2 Nc6 5. Nf3 e6 6. O-O Nge7 7. e3 O-O 8. d4 cxd4 9. Nxd4 d5 10.
Nxc6 bxc6 11. cxd5 cxd5 12. Bd2 Ba6 13. Re1 Rb8 14. b3 Nc6 15. Bf1 Bxf1 16. Rxf1 Qd7 17. Rb1 Rfd8 18. Na4 e5 19.
Kg2 e4 20. f3 Ne5 21. fxe4 dxe4 22. Bc3 Qg4 23. Qxg4 Nxg4 24. Rf4 Nxe3+ 25. Kh1 f5 26. Bxg7 Kxg7 27. Nc5 Rd2 28. a4 g5 29.
Nxe4 fxe4 30. Rxe4 Nd5 31. Re5 h6 32. Rc1 Rxb3 33. Rce1 Rbd3 34. a5 Rd1 35. a6 Rxe1+ 36. Rxe1 Ne3 37.
Kg1 Rd1 38. Rxd1 Nxd1 39. Kf1 Ne3+ 40. Ke2 Nd5 0-1

[Event "TOP 12F 2021"]
[Site "RENNES, France"]
[Date "2021.08.27"]
[Round "3.13"]
[White "Sebag, Marie"]
[Black "Paehtz, Elisabeth"]
[Result "1/2-1/2"]
[TimeControl "1H30 + 30 sec/coup"]
[WhiteElo "2447"]
[BlackElo "2466"]

1. e4 c5 2. Nf3 d6 3. Bb5+ Bd7 4. Bxd7+ Nxd7 5. O-O Ngf6 6. Qe2 e6 7. d4 cxd4 8. Nxd4 Qa5 9. Re1 Rc8 10.
b3 a6 11. c4 Be7 12. Bb2 O-O 13. Nc3 Rfe8 14. Rac1 Bf8 15. Red1 g6 16. Qd2 Qh5 17. Qe2 Qa5 18. Qd2 Qh5 19.
Qe2 Qa5 1/2-1/2

[Event "TOP 12F 2021"]
[Site "RENNES, France"]
[Date "2021.08.27"]
[Round "3.14"]
[White "Skripchenko, Almira"]
[Black "Javakhishvili, Lela"]
[Result "1/2-1/2"]
[TimeControl "1H30 + 30 sec/coup"]
[WhiteElo "2411"]
[BlackElo "2470"]

1. e4 c5 2. Nf3 e6 3. c3 Nf6 4. e5 Nd5 5. d4 cxd4 6. cxd4 d6 7. Bc4 Nb6 8. Bd3 Nc6 9. Qe2 Nb4 10.
Be4 d5 11. Bd3 Bd7 12. Nc3 Nxd3+ 13. Qxd3 Be7 14. O-O Rc8 15. b3 O-O 16. Bb2 a6 17. Rfc1 Rc7 18. Rc2 Qb8 19. Rac1 Rfc8 20.
h4 h6 21. g3 Be8 22. Kg2 Na8 23. Ne1 b5 24. Nd1 Rxc2 25. Rxc2 Rxc2 26. Nxc2 a5 27. Bc1 Nc7 28. Bb2 b4 29.
a4 bxa3 30. Bxa3 Bxa3 31. Nxa3 a4 1/2-1/2

[Event "TOP 12F 2021"]
[Site "RENNES, France"]
[Date "2021.08.27"]
[Round "3.15"]
[White "Dornbusch, Tatiana"]
[Black "Maisuradze, Nino"]
[Result "1-0"]
[TimeControl "1H30 + 30 sec/coup"]
[WhiteElo "2249"]
[BlackElo "2245"]

1. d4 Nf6 2. Nf3 e6 3. g3 d5 4. Bg2 Nbd7 5. O-O b5 6. a4 b4 7. c4 bxc3 8. Nxc3 c5 9. Bf4 Ba6 10.
Re1 Nh5 11. Bg5 f6 12. Bd2 g6 13. e4 dxe4 14. Nxe4 Ng7 15. d5 e5 16. Bc3 Kf7 17. d6 Nf5 18. Neg5+ fxg5 19. Qd5+ Kg7 20.
Nxe5 Nb6 21. Nc6+ Nd4 22. Qe5+ Qf6 23. Qxf6+ Kxf6 24. Nxd4 cxd4 25. Bxd4+ Kf5 26. Bxh8 Bxd6 27. Bxa8 Nxa8 28.
g4+ 1-0

[Event "TOP 12F 2021"]
[Site "RENNES, France"]
[Date "2021.08.27"]
[Round "3.16"]
[White "Fischer, Julie"]
[Black "Leconte, Maria"]
[Result "1/2-1/2"]
[TimeControl "1H30 + 30 sec/coup"]
[WhiteElo "2073"]
[BlackElo "2232"]

1. e4 c6 2. d4 d5 3. exd5 cxd5 4. Bd3 Nc6 5. c3 Nf6 6. Bf4 Bg4 7. Qb3 Qd7 8. h3 Bh5 9. Nd2 e6 10.
Ngf3 Bd6 11. Bxd6 Qxd6 12. Qxb7 Rb8 13. Qa6 O-O 14. O-O Rb6 15. Qa3 Qxa3 16. bxa3 Bxf3 17. Nxf3 Rc8 18. Rab1 Nd7 19.
Rb5 Nd8 20. Rc1 Kf8 21. Kf1 Nb7 22. Ke1 Nd6 23. Rb3 Ke7 1/2-1/2